Map: [ESL] Site Delta

Players

Future - Winner!

  • Race: Terran Terran
  • Spawn Location: 5:00

Kelazhur

  • Race: Terran Terran
  • Spawn Location: 11:00

Event: ESL Spring 2024 Finals

VOD

Have the link to the VOD?

Description

Time

  • Played on: May 31, 2024, 1:21 p.m.
  • Length: 7:53

All games in this series

Show
View Real Time Build Order
Export as new Build Order

Future Terran - Winner!

Build Orders: Cyclone Opening 

Get SALT Encoding   

  12  0:00  SCV  
  13  0:12  SCV  
  14  0:17  Supply Depot  
  14  0:24  SCV  
  15  0:39  SCV  
  15  0:40  Barracks  
  16  0:43  Refinery  
  16  0:51  SCV  
  17  1:03  SCV  
  18  1:15  SCV  
  19  1:27  Orbital Command, Marine  
  20  1:41  Command Center  
  20  1:45  Reaper  
  21  1:53  SCV  
  22  1:55  Supply Depot  
  22  2:05  SCV  
  22  2:08  Factory  
  23  2:17  SCV, Marine  
  23  2:21  Bunker  
  25  2:29  SCV  
  26  2:31  Refinery  
  26  2:34  Marine  
  27  2:41  SCV  
  28  2:52  Cyclone  
  28  2:53  SCV  
  28  2:55  Orbital Command  
  31  2:58  Starport  
  31  3:05  SCV, Refinery  
  32  3:06  Barracks Reactor  
  32  3:17  SCV  
  33  3:22  SCV  
  33  3:26  Factory Tech Lab  
  34  3:29  SCV  
  35  3:34  SCV  
  35  3:38  Supply Depot, Viking  
  38  3:41  SCV  
  38  3:45  Siege Tank  
  38  3:46  SCV  
  38  3:47  Marine  
  38  3:48  Marine  
  44  3:54  SCV, Refinery  
  45  3:58  SCV, Starport  
  45  4:01  Supply Depot  
  46  4:06  SCV, Marine  
  46  4:08  Marine  
  49  4:10  SCV  
  49  4:13  Starport Tech Lab  
  50  4:17  Siege Tank  
  50  4:19  SCV  
  50  4:23  SCV  
  50  4:24  Marine  
  55  4:26  Marine  
  55  4:28  Supply Depot  
  57  4:32  Raven  
  57  4:33  Interference Matrix  
  57  4:36  SCV x2  
  61  4:44  Supply Depot  
  61  4:48  Marine  
  61  4:49  Marine, Viking  
  61  4:50  SCV x2  
  67  4:56  Siege Tank  
  70  5:02  Supply Depot  
  70  5:05  SCV x2  
  70  5:06  Marine  
  73  5:07  Marine  
  73  5:11  Raven  
  76  5:18  SCV x2  
  76  5:20  Supply Depot  
  78  5:28  Siege Tank  
  81  5:34  SCV x2  
  83  5:35  Supply Depot  
  83  5:44  Marine  
  83  5:46  Liberator  
  85  5:52  SCV x2  
  85  5:53  Viking x2  
  91  6:03  Siege Tank  
  94  6:08  SCV  
  94  6:10  Command Center  
  94  6:20  SCV x2  
  96  6:29  Barracks  
  96  6:30  Barracks  
  96  6:32  Barracks, Viking x2  
  98  6:33  Barracks  
  100  6:43  Marine  
  101  7:00  SCV  
  102  7:01  Engineering Bay  
  102  7:02  Barracks Tech Lab, Engineering Bay  
  102  7:09  Supply Depot  
  102  7:14  Supply Depot  
  102  7:19  Viking  
  102  7:21  SCV, Viking  
  107  7:27  SCV  
  104  7:33  SCV  
  97  7:39  SCV  
Show
View Real Time Build Order
Export as new Build Order

Kelazhur Terran 

Build Orders:  

Get SALT Encoding   

  12  0:00  SCV  
  13  0:12  SCV  
  14  0:17  Supply Depot  
  14  0:24  SCV  
  15  0:38  SCV  
  15  0:39  Barracks  
  16  0:43  Refinery  
  16  0:50  SCV  
  16  0:54  Refinery  
  17  1:02  SCV  
  18  1:15  SCV  
  19  1:26  Reaper  
  19  1:27  Orbital Command, Supply Depot  
  20  1:43  Factory  
  20  1:53  SCV  
  21  1:58  Reaper  
  22  2:05  SCV  
  23  2:15  Command Center  
  23  2:17  SCV  
  24  2:28  Hellion  
  24  2:29  SCV  
  27  2:31  Reaper  
  27  2:34  Supply Depot  
  28  2:41  SCV  
  29  2:46  Starport  
  29  2:50  Widow Mine  
  31  2:56  SCV  
  32  3:03  Barracks Reactor  
  32  3:08  SCV  
  33  3:13  Factory Tech Lab  
  33  3:22  SCV  
  33  3:23  Starport Tech Lab  
  33  3:24  Refinery  
  33  3:26  Orbital Command  
  34  3:33  Cyclone  
  36  3:34  SCV  
  36  3:40  Marine x2  
  39  3:42  Raven  
  39  3:43  Supply Depot  
  39  3:46  SCV  
  42  3:54  SCV  
  43  3:58  SCV, Marine x2  
  43  4:01  Interference Matrix  
  46  4:04  Supply Depot  
  46  4:07  Siege Tank  
  46  4:08  SCV  
  50  4:11  SCV  
  50  4:16  Marine x2  
  53  4:20  SCV  
  53  4:23  SCV  
  55  4:25  Raven  
  57  4:32  SCV  
  57  4:34  Marine x2  
  57  4:35  SCV  
  61  4:43  Command Center  
  61  4:45  Siege Tank  
  64  4:51  SCV  
  64  4:52  Marine x2  
  67  4:57  SCV  
  68  5:03  SCV  
  69  5:09  SCV  
  70  5:15  Raven  
  70  5:18  Supply Depot, SCV  
  70  5:21  SCV  
  70  5:25  Barracks  
  70  5:27  Barracks, Factory Reactor  
  71  5:28  Engineering Bay  
  71  5:29  Engineering Bay  
  71  5:30  Marine, Stimpack  
  71  5:31  SCV, Refinery  
  71  5:34  SCV  
  73  5:43  SCV  
  73  5:46  SCV  
  73  5:47  Marine  
  76  5:56  Terran Infantry Weapons Level 1, Terran Infantry Armor Level 1  
  76  5:57  Orbital Command  
  76  5:59  SCV x2  
  76  6:02  Starport Reactor  
  78  6:10  Marine  
  79  6:11  SCV x2  
  78  6:22  Marine x2  
  78  6:23  SCV x2  
  80  6:27  SCV  
  78  6:32  Marine  
  78  6:33  Siege Tank, Marine x2  
  78  6:35  SCV x2  
  78  6:38  Supply Depot  
  78  6:39  SCV  
  87  6:40  Marine x2  
  86  6:47  SCV  
  86  6:48  SCV, Viking  
  86  6:50  Marine, Viking  
  86  6:51  Marine x2  
  86  6:52  SCV  
  96  6:57  Marine  
  96  7:01  Marine  
  96  7:02  SCV  
  96  7:04  SCV  
  97  7:15  SCV  
  90  7:16  Marine x4  
  90  7:19  Marine  
  90  7:25  SCV  
  83  7:33  SCV, Marine  
  83  7:34  Marine x2  
Tags
 
Add a new tag
Caveats
  • Supply blocks, unpowered buildings, or Contaminate may cause inaccurate times.
  • Supply counts are checked every 10 seconds.